 Dungeon Crawl Stone Soup version 0.27-a0-1140-g099f9bb (webtiles) character file.

Game seed: 11972050338368922639

72 Meow the Sneak (level 4, -1/36 HPs)
             Began as a Naga Fire Elementalist on May 8, 2021.
             Slain by a river rat (4 damage)
             ... on level 3 of the Dungeon.
             The game lasted 00:07:24 (1858 turns).

Meow the Sneak (Naga Fire Elementalist)             Turns: 1858, Time: 00:07:25

Health: -1/36      AC:  4    Str: 11    XL:     4   Next: 25%
Magic:  7/7        EV:  9    Int: 22    God:
Gold:   79         SH:  0    Dex: 11    Spells: 7/8 levels left

rFire    . . .     SeeInvis +   a - +0 mace
rCold    . . .     Faith    .   (no shield)
rNeg     + . .     Spirit   .   b - +0 robe
rPois    +         Reflect  .   k - +1 hat
rElec    .         Harm     .   (no cloak)
rCorr    .         Rampage  .   h - +0 pair of gloves
Will     .....                  (no barding)
Stlth    ++........             (no amulet)
HPRegen  0.12/turn              f - +6 ring of intelligence
MPRegen  0.10/turn              e - ring of positive energy

@: short of breath, very slow
A: AC +1, large, see invisible, deformed body, poison resistance, slowness 2,
spit poison 1, naga tail 1
a: Spit Poison


You were on level 3 of the Dungeon.
You visited 1 branch of the dungeon, and saw 3 of its levels.

You collected 79 gold pieces.

Inventory:

Hand Weapons
 a - a +0 mace (weapon)
Missiles
 d - 26 stones
 i - 55 arrows
Armour
 b - a +0 robe (worn)
 h - a +0 pair of gloves (worn)
 k - a +1 hat (worn)
Jewellery
 e - a ring of positive energy (right hand)
 f - a +6 ring of intelligence (left hand)
 m - an amulet of reflection
Scrolls
 c - 3 scrolls of teleportation
 g - 3 scrolls of holy word
Potions
 j - a potion of might {unknown}
 l - a potion of mutation {unknown}


   Skills:
 - Level 1.5 Dodging
 + Level 4.3 Stealth
 + Level 2.6 Spellcasting
 + Level 2.0 Conjurations
 + Level 3.5 Fire Magic


You had 7 spell levels left.
You knew the following spells:

 Your Spells              Type           Power      Damage    Failure   Level
a - Foxfire               Conj/Fire      60%        2x1d7     4%          1

Your spell library contained the following spells:

 Spells                   Type           Power      Damage    Failure   Level
 Conjure Flame            Conj/Fire      15%        6-21      12%         3
 Inner Flame              Hex/Fire       10%        N/A       19%         3
 Sticky Flame             Conj/Fire      15%        2d4       38%         4
 Fireball                 Conj/Fire      7%         3d5       75%         5


Dungeon Overview and Level Annotations

Branches:
Dungeon (3/15)

Altars:
Fedhas

Shops:
D:1 =   D:3 !=

Annotations:
D:2 Sigmund


Innate Abilities, Weirdness & Mutations

Your serpentine skin is tough. (AC +1)
You have supernaturally acute eyesight. (SInv)
Armour fits poorly on your strangely shaped body.
Your system is resistant to poisons. (rPois)
You cover ground very slowly.
You can spit poison.
You have a snake-like lower body.


Message History

Confirm with . or Enter, or press ? or * to list all spells.
You conjure some foxfire!
The river rat bites you.
Unknown command.
Your foxfire dissipates!
The river rat barely misses you.
The river rat bites you but does no damage.
Casting: Foxfire (safe; 4% risk of failure)
Confirm with . or Enter, or press ? or * to list all spells.
Okay, then.
Unknown command.
You hear the quick rusting of a drain.
The river rat bites you.
You have got your breath back.
The river rat bites you!
* * * LOW HITPOINT WARNING * * *
Press: ? - help, Shift-Dir - straight line, f/p - river rat
Aim: a river rat (moderately wounded)
The splash of poison hits the river rat.
The river rat is poisoned.
The river rat is moderately wounded.
The river rat closely misses you.
Unknown command.
Okay, then.
You hit the river rat but do no damage.
The river rat is moderately wounded.
The river rat bites you.
* * * LOW HITPOINT WARNING * * *
The river rat bites you.
* * * LOW HITPOINT WARNING * * *
You hit the river rat but do no damage.
The river rat is heavily wounded.
The river rat bites you.
* * * LOW HITPOINT WARNING * * *
You barely miss the river rat.
The river rat is severely wounded.
The river rat barely misses you.
You barely miss the river rat.
The river rat is severely wounded.
The river rat barely misses you. The river rat bites you.
You die...

.......# .#.###.#
...###.######
.##)........## .
#.##.####..############
.##.##.# ##...##≈≈≈†≈≈.##
.......# #####≈#######≈#
###.#### #†# #≈# #...# #@#
#≈# ##...# #r# #≈# .#.).#
######≈#####≈#.#
.##.#######....##≈≈≈≈≈##.#
.##......##.....########.#
.......#.......#≈≈≈.≈≈≈.##
.#####.####....###########
.# #.# #.....# #.#...# .#
#.# ####### #.#.#.#


You could see a river rat (poisoned).

Vanquished Creatures
  A river rat (D:3)
  2 adders (D:3)
  A worm (D:2)
  A dart slug (D:1)
  An orc (D:3)
  4 ball pythons
  A bat (D:2)
  3 endoplasms
  A giant cockroach (D:3)
  A goblin (D:3)
  3 hobgoblins
  8 jackals
  A quokka (D:1)
  3 kobolds (D:1)
  4 rats
35 creatures vanquished.

Vanquished Creatures (others)
  59 foxfires
59 creatures vanquished.

Grand Total: 94 creatures vanquished

Notes
Turn   | Place    | Note
-------+----------+-------------------------------------------
     0 | D:1      | Meow the Naga Fire Elementalist began the quest for the
                  | Orb.
     0 | D:1      | Reached XP level 1. HP: 15/15 MP: 3/3
   118 | D:1      | Reached XP level 2. HP: 22/22 MP: 0/5
   227 | D:1      | Found Erphesh's Jewellery Shop.
   270 | D:1      | Found a faded altar of an unknown god.
  1018 | D:2      | Reached XP level 3. HP: 28/28 MP: 0/6
  1270 | D:2      | Found a blossoming altar of Fedhas.
  1379 | D:2      | Noticed Sigmund
  1471 | D:3      | Found Woavvo's Distillery.
  1534 | D:3      | Reached skill level 4 in Stealth
  1600 | D:3      | Found Niut's Jewellery Shoppe.
  1810 | D:3      | Reached XP level 4. HP: 31/36 MP: 7/7
  1858 | D:3      | Slain by a river rat

Illustrated notes

Levels and vault maps discovered:
D:1:      psy_arrival_terrarium, layout_basic,
          shapermc_ecumenical_altar_flowoftime, serial_shops, shop,
          kennysheep_small_spiral
D:2:      layout_basic, basic_altar, minivault_4, uniq_sigmund
D:3:      layout_loops_cross, serial_shops, nicolae_shop_trees, shop,
          gup_sewer_entry_spiral

Skill      XL: |  1  2  3 |
---------------+----------+-----
Stealth        | 4 |  4.3
Conjurations   | 2 |  2.0
Dodging        | |  1.5
Spellcasting   | |  2.6
Fire Magic     | |  3.5

Action                   |  1- 3 |  4- 6 || total
-------------------------+-------+-------++-------
Melee: Mace              |    15 |    13 ||    28
 Cast: Foxfire           |    36 |     2 ||    38
 Abil: Spit Poison       |    14 |     5 ||    19
  Use: Scroll            |     2 |       ||     2
 Stab: Sleeping          |     1 |       ||     1
Armor: Robe              |    18 |     3 ||    21
Dodge: Dodged            |    21 |    13 ||    34

Table legend: (Time is in decaauts)
 A = Elapsed time spent in this place.
 B = Non-inter-level travel time spent in this place.
 C = Inter-level travel time spent in this place.
 D = Time resting spent in this place.
 E = Time spent auto-exploring this place.
 F = Levels seen in this place.
 G = Mean time per level.
                   A        B        C        D        E       F      G
               +--------+--------+--------+--------+--------+-----+--------+
         Total |   2491 |   2261 |    230 |    182 |   1335 |   3 |  830.3 |
       Dungeon |   2491 |   2261 |    230 |    182 |   1335 |   3 |  830.3 |
               +--------+--------+--------+--------+--------+-----+--------+

Top non-repeatable levels by time:
     D:1: 1286 daAuts
     D:2: 638 daAuts
     D:3: 566 daAuts
